 Dungeon Crawl Stone Soup version 0.29-a0-371-g91724d5b39 (webtiles) character file.

Game seed: 6171351077247210621

2055 OperationSandstar the Skirmisher (level 9, -18/50 HPs)
             Began as a Vine Stalker Monk on May 2, 2022.
             Demolished by a komodo dragon (23 damage)
             ... on level 6 of the Dungeon.
             The game lasted 00:07:13 (6089 turns).

OperationSandstar the Skirmisher (VSMo)             Turns: 6089, Time: 00:07:13

Health: -18/50     AC: 11    Str: 14    XL:     9   Next: 25%
Magic:  0/13       EV: 13    Int: 14    God:
Gold:   517        SH:  0    Dex: 17    Spells: 7/12 levels left

rFire   . . .      SeeInvis .   m - +3 dagger (elec)
rCold   + . .      Faith    .   (no shield)
rNeg    . . .      Spirit   +   i - +0 ring mail
rPois   .          Reflect  .   D - +0 helmet
rElec   .          Harm     .   y - +2 cloak {rCorr}
rCorr   +          Rampage  .   r - +0 pair of gloves
Will    +....                   s - +0 pair of boots
Stlth   ++........              (no amulet)
HPRegen 0.96/turn               k - ring of flight
MPRegen 0.13/turn               o - ring of protection from cold

@: flying
A: fangs 3, regeneration 1, magic shield, antimagic bite, no potion heal 2
a: no special abilities


You were on level 6 of the Dungeon.
You visited 2 branches of the dungeon, and saw 7 of its levels.

You collected 517 gold pieces.

Inventory:

Hand Weapons
 m - a +3 dagger of electrocution (weapon)
   (You took it off a goblin on level 2 of the Dungeon)
Armour
 a - a +0 robe
 g - a scarf of repulsion
   (You found it on level 6 of the Dungeon)
 i - a +0 ring mail (worn)
   (You found it on level 1 of the Dungeon)
 r - a +0 pair of gloves (worn)
   (You found it on level 3 of the Dungeon)
 s - a +0 pair of boots (worn)
   (You found it on level 2 of the Dungeon)
 v - a scarf of invisibility
   (You found it on level 4 of the Dungeon)
 y - a +2 cloak of preservation (worn)
   (You took it off Crazy Yiuf on level 4 of the Dungeon)
 D - a +0 helmet (worn)
   (You found it on level 5 of the Dungeon)
Jewellery
 k - a ring of flight (left hand)
   (You found it on level 2 of the Dungeon)
 o - a ring of protection from cold (right hand)
   (You found it on level 3 of the Dungeon)
Wands
 t - a wand of flame (13)
   (You found it on level 6 of the Dungeon)
 x - a wand of acid (4)
   (You took it off Ijyb on level 4 of the Dungeon)
 A - a wand of charming (11)
   (You found it on level 5 of the Dungeon)
Scrolls
 c - a scroll of torment {unknown}
 e - a scroll of brand weapon {unknown}
 f - a scroll of silence {unknown}
 h - a scroll of fear {unknown}
 j - 2 scrolls of enchant weapon
 l - a scroll of blinking {unknown}
 n - a scroll of vulnerability {unknown}
 q - 2 scrolls of magic mapping {unknown}
 u - a scroll of enchant armour {unknown}
 E - a scroll of noise {unknown}
 F - 2 scrolls of teleportation {unknown}
Potions
 b - 3 potions of ambrosia
 d - 2 potions of attraction {!q}
 p - a potion of might
 w - a potion of mutation {!q}
 z - 2 potions of magic
 B - a potion of cancellation
 C - a potion of flight
 G - a potion of degeneration {unknown}


   Skills:
 - Level 7.0 Fighting
 - Level 5.0 Dodging
 - Level 2.4 Stealth
 + Level 5.0 Unarmed Combat
 - Level 2.0 Spellcasting
 + Level 0.0 Transmutations
 + Level 5.8 Evocations


You had 7 spell levels left.
You knew the following spells:

 Your Spells              Type           Power      Damage    Failure   Level
a - Blade Hands           Tmut           0%         N/A       100%        5

Your spell library contained the following spells:

 Spells                   Type           Power      Damage    Failure   Level
 Portal Projectile        Hex/Tloc       2%         N/A       82%         3
 Excruciating Wounds      Necr           0%         N/A       100%        5


Dungeon Overview and Level Annotations

Branches:
Dungeon (6/15)             Temple (1/1) D:4

Altars:
Ashenzari
Dithmenos
Elyvilon
Gozag
Hepliaklqana
Kikubaaqudgha
Makhleb
Nemelex Xobeh
Okawaru
Qazlal
Ru
Sif Muna
Vehumet
Zin

Shops:
D:6 [


Innate Abilities, Weirdness & Mutations

You have razor-sharp teeth.
Your natural rate of healing is unusually fast.
When hurt, damage is shared between your health and your magic reserves.
Your bite disrupts and absorbs the magic of your enemies.
Potions cannot restore your health.


Message History

You hit the komodo dragon but do no damage.
The komodo dragon completely misses you.
You hit the komodo dragon.
Lightning courses through the komodo dragon!
You bite the komodo dragon, but do no damage.
The komodo dragon bites you but does no damage.
You hit the komodo dragon. Your bite misses the komodo dragon.
The komodo dragon bites you!!
You are too injured to fight recklessly!
You are too injured to fight recklessly!
You are too injured to fight recklessly!
You are too injured to fight recklessly!
You are too injured to fight recklessly!
You are too injured to fight recklessly!
You are too injured to fight recklessly!
You are too injured to fight recklessly!
You are too injured to fight recklessly!
You are too injured to fight recklessly!
You are too injured to fight recklessly!
You are too injured to fight recklessly!
You are too injured to fight recklessly!
You are too injured to fight recklessly!
You are too injured to fight recklessly!
You are too injured to fight recklessly!
You are too injured to fight recklessly!
You are too injured to fight recklessly!
You are too injured to fight recklessly!
You are too injured to fight recklessly!
You hit the komodo dragon but do no damage.
The komodo dragon misses you.
You closely miss the komodo dragon.
You bite the komodo dragon, but do no damage.
The komodo dragon bites you!!
* * * LOW HITPOINT WARNING * * *
You hit the komodo dragon but do no damage.
You bite the komodo dragon, but do no damage.
The komodo dragon bites you!
* * * LOW HITPOINT WARNING * * *
You hit the komodo dragon but do no damage.
Your bite misses the komodo dragon. The komodo dragon bites you.
* * * LOW HITPOINT WARNING * * *
Okay, then.
Okay, then.
Sorry, you're not good enough to have a special ability.
Unknown command.
As you read the scroll labelled SAGOYSEEFOE, it crumbles to dust.
It is a scroll of enchant weapon.
Your +2 dagger of electrocution glows red for a moment.
The komodo dragon bites you!!
You die...

#......##.......
#.############......##.......
#.....#.........#.#.##.......
#..<........#.#.##.......
#<.........##.#.##.......
#..........##.#.##.......
#.#+#.##'#.##.#.##.......
#.#.#.##.#.##.#.###.####.
#.#.#.##@#.#### ### #.
#.#####.#....#l#.# #8# #.
#............#.#.# ...8##.
######.####.#.#.# .....##.
#)# #.#.#.# .....>#. #)#
#.#.#.# .....### #.# #.#.#
8...8##. #.# #.... ##8## ##
#.###### ##### ###


You could see a komodo dragon.

Vanquished Creatures
  The ghost of thiscave3701365 the Chopper, a novice MiBe of Trog (D:5)
  Eustachio (D:4)
  Duvessa (D:4)
  A sky beast (D:6)
  A hornet zombie (D:5)
  An ogre (D:4)
  A centaur (D:6)
  2 phantoms
  2 necrophages
  6 scorpions
  Dowan (D:4)
  2 orc priests
  Crazy Yiuf (D:4)
  3 hounds
  2 iguanas
  Ijyb (D:4)
  2 orc wizards
  2 howler monkey zombies (D:5)
  5 adders
  3 gnolls (D:6)
  A white imp (D:5)
  An ufetubus (D:4)
  A dart slug (D:1)
  14 orcs
  2 bats (D:3)
  2 endoplasms
  2 giant cockroaches
  6 goblins
  6 hobgoblins
  4 kobolds
  4 quokkas
  5 ball pythons
  3 frilled lizards
  2 rats
92 creatures vanquished.

Notes
Turn   | Place    | Note
-------+----------+-------------------------------------------
     0 | D:1      | OperationSandstar the Vine Stalker Monk began the quest for
                  | the Orb.
     0 | D:1      | Reached XP level 1. HP: 11/11 MP: 2/2
   179 | D:1      | Reached XP level 2. HP: 12/16 MP: 3/3
   188 | D:1      | Reached skill level 3 in Fighting
  1351 | D:2      | Reached XP level 3. HP: 19/20 MP: 4/4
  2200 | D:3      | Found an ancient bone altar of Kikubaaqudgha.
  2231 | D:3      | Gained mutation: Your natural rate of healing is unusually
                  | fast. [Vine Stalker growth]
  2231 | D:3      | Reached XP level 4. HP: 16/25 MP: 5/5
  2274 | D:3      | Noticed a necrophage
  2282 | D:3      | Reached skill level 4 in Fighting
  2287 | D:3      | Killed a necrophage
  2288 | D:3      | Reached XP level 5. HP: 16/30 MP: 2/6
  2750 | D:3      | Found a faded altar of an unknown god.
  2948 | D:4      | Noticed Dowan
  2950 | D:4      | Noticed Duvessa
  3012 | D:4      | Killed Duvessa
  3013 | D:4      | Reached skill level 5 in Fighting
  3013 | D:4      | Reached XP level 6. HP: 25/36 MP: 5/7
  3040 | D:4      | Killed Dowan
  3042 | D:4      | Reached skill level 6 in Fighting
  3056 | D:4      | Noticed Eustachio
  3080 | D:4      | Killed Eustachio
  3081 | D:4      | Reached XP level 7. HP: 30/41 MP: 6/8
  3265 | D:4      | Found a staircase to the Ecumenical Temple.
  3278 | D:4      | Reached skill level 7 in Fighting
  3280 | Temple   | Entered the Ecumenical Temple
  3410 | D:4      | Reached skill level 1 in Evocations
  3523 | D:4      | Found a runed translucent door.
  3524 | D:4      | Noticed Crazy Yiuf
  3699 | D:4      | Found a shadowy altar of Dithmenos.
  3765 | D:4      | Noticed Ijyb
  3796 | D:4      | Killed Ijyb
  4272 | D:4      | Killed Crazy Yiuf
  4336 | D:5      | Entered Level 5 of the Dungeon
  4430 | D:5      | Gained mutation: You have razor-sharp teeth. [Vine Stalker
                  | growth]
  4430 | D:5      | Reached XP level 8. HP: 39/44 MP: 7/9
  4461 | D:5      | Found an iron altar of Okawaru.
  4542 | D:5      | Reached skill level 5 in Evocations
  4622 | D:5      | Found a runed translucent gate.
  4622 | D:5      | Found a runed translucent gate.
  4623 | D:5      | Found a runed translucent gate.
  4630 | D:5      | Noticed thiscave3701365's ghost (novice MiBe)
  5206 | D:5      | Killed thiscave3701365's ghost
  5210 | D:5      | Reached skill level 5 in Dodging
  5258 | D:6      | Reached skill level 1 in Spellcasting
  5325 | D:6      | Reached XP level 9. HP: 37/50 MP: 9/12
  5696 | D:6      | Learned a level 5 spell: Blade Hands
  5767 | D:6      | Found Vonil's Antique Armour Shoppe.
  5990 | D:6      | Reached skill level 5 in Unarmed Combat
  6039 | D:6      | Found a stormy altar of Qazlal.
  6078 | D:6      | Noticed a komodo dragon
  6089 | D:6      | Demolished by a komodo dragon

Illustrated notes

Levels and vault maps discovered:
D:1:      minmay_arrival_nine_rooms, layout_basic, st_stairs_4
D:2:      layout_basic
D:3:      layout_basic, mainiacjoe_overflow_chevrons,
          shapermc_ecumenical_altar_mp_vishouse, minmay_vboxes
D:4:      layout_loops_corners, mainiacjoe_overflow_concentric_impassable,
          minmay_temple_entry_proselytizer, chequers_serial_rivers_large_b,
          uniq_ijyb, uniq_duvessa, uniq_eustachio, uniq_crazy_yiuf_cottage
D:5:      layout_basic, okawaru_gym_becter, gammafunk_ghost_necromancy,
          kennysheep_cross_bottleneck
D:6:      layout_basic, kennysheep_mini_moat, nicolae_overflow_hidden_temple,
          serial_shops, nicolae_stop_n_shop_1, minmay_starry_boxes
Temple:   compressed_dpeg_circular_temple

Skill      XL: |  1  2  3  4  5  6  7  8  9 |
---------------+----------------------------+-----
Fighting       | 3 4 5 6 7 |  7.0
Evocations     | 4 5 |  5.8
Dodging        | 5 |  5.0
Spellcasting   | 1 2 |  2.0
Unarmed Combat | 4 5 |  5.0
Stealth        | |  2.4

Action                   |  1- 3 |  4- 6 |  7- 9 || total
-------------------------+-------+-------+-------++-------
Melee: Unarmed           |    66 |       |       ||    66
       Bite              |    19 |    25 |    61 ||   105
       Punch             |     3 |     2 |     9 ||    14
       Dagger            |    23 |    69 |   196 ||   288
 Abil: Evoke Invisibilit |       |       |     1 ||     1
  Use: Scroll            |       |       |     7 ||     7
       Potion            |       |       |     1 ||     1
 Stab: Sleeping          |     5 |     1 |     1 ||     7
       Invisible         |       |       |     2 ||     2
Armor: Robe              |     8 |       |       ||     8
       Ring mail         |    16 |    42 |    64 ||   122
Dodge: Dodged            |    38 |    43 |    94 ||   175

Table legend: (Time is in decaauts)
 A = Elapsed time spent in this place.
 B = Non-inter-level travel time spent in this place.
 C = Inter-level travel time spent in this place.
 D = Time resting spent in this place.
 E = Time spent auto-exploring this place.
 F = Levels seen in this place.
 G = Mean time per level.
                   A        B        C        D        E       F      G
               +--------+--------+--------+--------+--------+-----+--------+
         Total |   6086 |   5845 |    241 |    444 |   4409 |   7 |  869.4 |
       Dungeon |   5986 |   5760 |    226 |    444 |   4333 |   6 |  997.7 |
        Temple |     99 |     84 |     15 |      0 |     76 |   1 |   99.0 |
               +--------+--------+--------+--------+--------+-----+--------+

Top non-repeatable levels by time:
     D:1: 1287 daAuts
     D:4: 1223 daAuts
     D:5: 916 daAuts
     D:2: 889 daAuts
     D:6: 835 daAuts
     D:3: 832 daAuts
  Temple: 99 daAuts
